 Dungeon Crawl Stone Soup version 0.27-a0-1186-g8b4daa1eef (webtiles) character file.

Game seed: 5192467115292503226

361 chippings the Cudgeller (level 6, 0/48 HPs)
             Began as a Mummy Gladiator on May 19, 2021.
             Slain by a gnoll shaman
             ... wielding a +0 whip
              (6 damage)
             ... on level 4 of the Dungeon.
             The game lasted 00:05:21 (4257 turns).

chippings the Cudgeller (Mummy Gladiator)           Turns: 4257, Time: 00:05:22

Health: 0/48       AC:  6    Str: 19    XL:     6   Next: 38%
Magic:  6/6        EV: 11    Int:  8    God:
Gold:   180        SH:  0    Dex: 13    Spells: 5/5 levels left

rFire    x . .     SeeInvis .   j - +1 dagger (elec)
rCold    + . .     Faith    .   (no shield)
rNeg     + + +     Spirit   .   k - +0 ring mail
rPois    ∞         Reflect  .   c - +0 helmet
rElec    .         Harm     .   (no cloak)
rCorr    .         Rampage  .   (no gloves)
Will     .....                  (no boots)
Stlth    +.........             (no amulet)
HPRegen  0.16/turn              (no ring)
MPRegen  0.10/turn              (no ring)

@: lit by a corona, glowing
A: cold resistance 1, negative energy resistance 3, torment resistance 2, heat
vulnerability 1, no potions
a: no special abilities


You were on level 4 of the Dungeon.
You visited 1 branch of the dungeon, and saw 4 of its levels.

You collected 180 gold pieces.

Inventory:

Hand Weapons
 a - a +0 flail
 g - a +1 dagger of draining
 j - a +1 dagger of electrocution (weapon)
 n - a +2 flail of holy wrath
Missiles
 d - 3 throwing nets (quivered)
Armour
 c - a +0 helmet (worn)
 k - a +0 ring mail (worn)
Jewellery
 h - a +6 ring of strength
Scrolls
 b - 2 scrolls of identify {unknown}
 e - a scroll of torment {unknown}
 f - 2 scrolls of brand weapon {unknown}
 i - a scroll of teleportation {unknown}
 l - a scroll of blinking {unknown}
 m - a scroll of noise {unknown}


   Skills:
 + Level 4.1 Fighting
 * Level 1.1 Short Blades
 - Level 4.9 Maces & Flails
 - Level 1.5 Throwing
 - Level 2.4 Dodging


You had 5 spell levels left.
You didn't know any spells.
Your spell library contained the following spells:

 Spells                   Type           Power      Damage    Failure   Level
 Confusing Touch          Hex            0%         N/A       92%         3
 Gell's Gravitas          Tloc           0%         N/A       92%         3
 Petrify                  Tmut/Erth      0%         N/A       100%        4
 Metabolic Englaciation   Hex/Ice        0%         N/A       100%        5
 Yara's Violent Unravell  Hex/Tmut       0%         3d3       100%        5


Dungeon Overview and Level Annotations

Branches:
Dungeon (4/15)
 Temple: D:4-7

Altars:
Cheibriados
Trog


Innate Abilities, Weirdness & Mutations

You are immune to poison.
Your flesh is cold resistant. (rC+)
You are immune to negative energy. (rN+++)
You are immune to unholy pain and torment.
You are vulnerable to heat. (rF-)
You do not drink.


Message History

You closely miss the gnoll.
The gnoll is moderately wounded.
The gnoll hits you with a +0 club. The gnoll shaman closely misses you.
The gnoll misses you.
You hit the gnoll.
The gnoll is moderately wounded.
The gnoll hits you with a +0 club. The gnoll shaman misses you.
You hit the gnoll.
The gnoll is moderately wounded.
The gnoll hits you with a +0 club.
The gnoll shaman hits you with a +0 whip.
The gnoll barely misses you.
You closely miss the gnoll.
The gnoll is moderately wounded.
The gnoll hits you with a +0 club.
The gnoll shaman calls upon its god to heal the gnoll.
The gnoll's wounds heal themselves!
You completely miss the gnoll. The gnoll hits you with a +0 club.
The gnoll shaman hits you with a +0 whip.
The gnoll hits you but does no damage.
You hit the gnoll.
The gnoll is lightly wounded.
The gnoll hits you with a +0 club.
The gnoll shaman hits you with a +0 whip!
You hit the gnoll but do no damage.
The gnoll is lightly wounded.
The gnoll closely misses you.
The gnoll shaman hits you but does no damage.
You hit the gnoll.
The gnoll is heavily wounded.
The gnoll misses you. The gnoll hits you with a +0 club.
* * * LOW HITPOINT WARNING * * *
The gnoll shaman hits you with a +0 whip.
* * * LOW HITPOINT WARNING * * *
You completely miss the gnoll.
The gnoll is heavily wounded.
The gnoll hits you with a +0 club.
* * * LOW HITPOINT WARNING * * *
The gnoll shaman hits you with a +0 whip.
You die...

##.............
#..............
##..............
#...............
#...............
##......)........
#................
##.gg.............
#..@.............#
#.............####
##########..###
#..# #..# ###


You could see a gnoll shaman and a gnoll (fast).

Vanquished Creatures
  An ogre (D:3)
  A necrophage (D:3)
  An orc priest (D:3)
  Robin (D:2)
  2 gnolls (D:4)
  4 adders
  A worm (D:2)
  A dart slug (D:3)
  3 orcs
  8 ball pythons
  6 bats
  4 endoplasms
  3 giant cockroaches (D:1)
  21 goblins
  11 hobgoblins
  A jackal (D:2)
  A quokka (D:2)
  8 frilled lizards
  8 kobolds
  2 rats
88 creatures vanquished.

Vanquished Creatures (others)
  2 plants (D:1)
2 creatures vanquished.

Grand Total: 90 creatures vanquished

Notes
Turn   | Place    | Note
-------+----------+-------------------------------------------
     0 | D:1      | chippings the Mummy Gladiator began the quest for the Orb.
     0 | D:1      | Reached XP level 1. HP: 16/16 MP: 1/1
   152 | D:1      | Reached XP level 2. HP: 22/22 MP: 2/2
   802 | D:1      | Reached XP level 3. HP: 28/28 MP: 3/3
   965 | D:2      | Found a snail-covered altar of Cheibriados.
  1914 | D:2      | Noticed Robin
  2114 | D:1      | Reached XP level 4. HP: 26/34 MP: 4/4
  2431 | D:2      | Killed Robin
  3072 | D:3      | Found a faded altar of an unknown god.
  3149 | D:3      | Noticed a necrophage
  3155 | D:3      | Killed a necrophage
  3156 | D:3      | Reached XP level 5. HP: 41/41 MP: 5/5
  3434 | D:3      | Noticed an ogre
  3450 | D:3      | Killed an ogre
  3451 | D:3      | Reached XP level 6. HP: 11/48 MP: 6/6
  3728 | D:3      | Found a bloodstained altar of Trog.
  4182 | D:3      | Reached skill level 1 in Short Blades
  4257 | D:4      | Slain by a gnoll shaman

Illustrated notes

Levels and vault maps discovered:
D:1:      dpeg_arrival_lava_temple_mockup, layout_rooms, serial_bayou,
          serial_bayou_pond_a, serial_bayou_pond_d, serial_bayou_shore_b,
          serial_bayou_pond_a
D:2:      minmay_chambers_of_twos, layout_loops_corners, basic_altar, uniq_robin
D:3:      layout_basic, bloody_trog, ebering_ecumenical_altar_webs,
          minmay_ogre_servants
D:4:      minmay_evil_eye, layout_cave_pods, gammafunk_ghost_mausoleum,
          sigmund_army, uniq_sigmund, uniq_duvessa

Skill      XL: |  1  2  3  4  5  6 |
---------------+-------------------+-----
Maces & Flails | 3 4 |  4.9
Fighting       | 3 4 |  4.1
Short Blades   | 1 |  1.1
Throwing       | |  1.5
Dodging        | |  2.4

Action                   |  1- 3 |  4- 6 || total
-------------------------+-------+-------++-------
Melee: Flail             |   154 |    28 ||   182
       Dagger            |       |   112 ||   112
 Stab: Sleeping          |     1 |       ||     1
Armor: Leather armour    |    65 |     8 ||    73
       Ring mail         |       |    30 ||    30
Dodge: Dodged            |   127 |    96 ||   223

Table legend: (Time is in decaauts)
 A = Elapsed time spent in this place.
 B = Non-inter-level travel time spent in this place.
 C = Inter-level travel time spent in this place.
 D = Time resting spent in this place.
 E = Time spent auto-exploring this place.
 F = Levels seen in this place.
 G = Mean time per level.
                   A        B        C        D        E       F      G
               +--------+--------+--------+--------+--------+-----+--------+
         Total |   4303 |   4252 |     51 |    548 |   2769 |   4 | 1075.8 |
       Dungeon |   4303 |   4252 |     51 |    548 |   2769 |   4 | 1075.8 |
               +--------+--------+--------+--------+--------+-----+--------+

Top non-repeatable levels by time:
     D:2: 1765 daAuts
     D:1: 1466 daAuts
     D:3: 1041 daAuts
     D:4: 29 daAuts
